 Dungeon Crawl Stone Soup version 0.29-a0-337-g68df138881 (webtiles) character file.

Game seed: 16247734939742001895

2 spaghetti the Caller (level 1, 5/13 HPs)
             Began as a Demonspawn Summoner on Apr 17, 2022.
             Quit the game on level 1 of the Dungeon.
             The game lasted 00:00:27 (80 turns).

spaghetti the Caller (Demonspawn Summoner)            Turns: 80, Time: 00:00:27

Health: 5/13       AC:  2    Str:  8    XL:     1   Next: 25%
Magic:  1/3        EV: 12    Int: 16    God:
Gold:   23         SH:  0    Dex: 13    Spells: 3/4 levels left

rFire   . . .      SeeInvis .   (no weapon)
rCold   . . .      Faith    .   (no shield)
rNeg    . . .      Spirit   .   a - +0 robe
rPois   .          Reflect  .   (no helmet)
rElec   .          Harm     .   (no cloak)
rCorr   .          Rampage  .   (no gloves)
Will    .....                   (no boots)
Stlth   ++........              (no amulet)
HPRegen 0.04/turn               (no ring)
MPRegen 0.08/turn               (no ring)

@: no status effects
A: no striking features
a: no special abilities


You were on level 1 of the Dungeon.
You visited 1 branch of the dungeon, and saw 1 of its levels.

You collected 23 gold pieces.


   Skills:
 - Level 1.7 Dodging
 - Level 1.7 Stealth
 * Level 2.1 Spellcasting
 + Level 4.0 Summonings


You had 3 spell levels left.
You knew the following spells:

 Your Spells              Type           Power      Damage    Failure   Level
a - Summon Small Mammal   Summ           56%        N/A       4%          1

Your spell library contained the following spells:

 Spells                   Type           Power      Damage    Failure   Level
 Call Imp                 Summ           14%        N/A       6%          2
 Call Canine Familiar     Summ           14%        N/A       12%         3
 Summon Guardian Golem    Hex/Summ       8%         N/A       26%         3
 Dazzling Flash           Conj/Hex       2%         N/A       52%         3
 Summon Lightning Spire   Summ/Air       8%         N/A       65%         4
 Iskenderun's Mystic Bla  Conj/Tloc      1%         2d3       90%         4
 Starburst                Conj/Fire      0%         6d3       100%        6

Inventory:

Missiles
 c - 25 stones {throwing}
Armour
 a - a +0 robe (worn)
Potions
 b - a potion of magic

Dungeon Overview and Level Annotations

Branches:
Dungeon (1/15)

Altars:

.. ..## #..#
.(## #..#
#..###.#
####...##.#
#..@...##.#
#bK..b.##.#
#.........#
#.....#.#.#
#.....#.#.#
#.....#...#####
#?....##......##
####.###†>###†.#
## #### ##.##


You could see a kobold (ally target) and 2 friendly bats.


Message History

Okay, then.
Casting: Summon Small Mammal (safe; 4% risk of failure)
Confirm with . or Enter, or press ? or * to list all spells.
You miscast Summon Small Mammal.
You are very lightly contaminated with residual magic.
Nothing appears to happen. 😎 MP[-1]
You lost 1 mp, and now have 2/3 mp.
Casting: Summon Small Mammal (safe; 4% risk of failure)
Confirm with . or Enter, or press ? or * to list all spells.
The hobgoblin shouts! 😎 MP[-1]
You lost 1 mp, and now have 1/3 mp.
Casting: Summon Small Mammal (safe; 4% risk of failure)
Confirm with . or Enter, or press ? or * to list all spells.
😎 MP[-1]
You lost 1 mp, and now have 0/3 mp.
What are your orders? t - Shout!
Orders for allies: a - Attack new target. r - Retreat! s - Stop attacking. g - Guard the area. f - Follow me.
Anything else - Cancel.
Gang up on whom?
Press: ? - help, Dir - move target, f - hobgoblin
Aim: a hobgoblin (ally target) Attack!
Your bat hits the hobgoblin but does no damage. x2
Your bat barely misses the hobgoblin.
The hobgoblin closely misses your bat.
Your bat hits the hobgoblin.
Your bat closely misses the hobgoblin.
Your bat barely misses the hobgoblin.
Your bat misses the hobgoblin. Your bat hits the hobgoblin.
The hobgoblin closely misses you.
Your bat closely misses the hobgoblin.
Your bat barely misses the hobgoblin.
Your bat hits the hobgoblin.
The hobgoblin hits you but does no damage.
Your magical contamination has completely faded away.
You hit the hobgoblin but do no damage.
Your bat hits the hobgoblin but does no damage.
Your bat hits the hobgoblin.
Your bat closely misses the hobgoblin.
The hobgoblin hits your bat.
Your bat hits the hobgoblin.
The hobgoblin dies!
You see here a hobgoblin corpse.
A bat comes into view. 😎 MP[+1]
A bat is nearby!
A bat is nearby!
A bat is nearby!
Unknown command.
You swap places.
Found a stone staircase leading down.
The bat barely misses you.
You see here 17 gold pieces.
You closely miss the bat. The bat hits you but does no damage.
The bat misses you. The bat hits you. 😕 HP[-1]
You take 1 damage, and now have 12/13 hp.
You closely miss the bat.
The bat hits you but does no damage. 😎 HP[+1]
Your hp is fully restored (13).
The bat closely misses you. The bat closely misses you.
Your bat misses the bat. The bat misses your bat.
You closely miss the bat. You punch the bat. The bat closely misses you.
Your bat closely misses the bat.
The bat barely misses your bat.
Your bat hits the bat. The bat misses you. 😎 MP[+1]
You hit the bat.
You kill the bat!
Your bat disappears in a puff of smoke!
You now have 23 gold pieces (gained 17).
Your bat disappears in a puff of smoke!
A kobold comes into view. It is wielding a +0 whip.
The kobold shouts!
The kobold throws a stone.
The stone barely misses you.
A kobold is nearby! 😎 MP[+1]
Your mp is fully restored (3).
A kobold is nearby!
A kobold is nearby!
A kobold is nearby!
The kobold throws a stone.
The stone closely misses you.
The kobold throws a stone.
The stone hits you. 😕 HP[-1]
You take 1 damage, and now have 12/13 hp.
The kobold hits you with a +0 whip. 😮 HP[-3]
You take 3 damage, and now have 9/13 hp.
MASSIVE DAMAGE!! (PAUSE)
Casting: Summon Small Mammal (safe; 4% risk of failure)
Confirm with . or Enter, or press ? or * to list all spells.
The kobold hits you with a +0 whip.
* * * LOW HITPOINT WARNING * * *
😨 HP[-4] MP[-1]
You take 4 damage, and now have 5/13 hp.
MASSIVE DAMAGE!! (PAUSE)
You lost 1 mp, and now have 2/3 mp.
Casting: Summon Small Mammal (safe; 4% risk of failure)
Confirm with . or Enter, or press ? or * to list all spells.
Your bat hits the kobold. The kobold misses you. 😨 MP[-1]
You lost 1 mp, and now have 1/3 mp.
Are you sure you want to abandon this character and quit the game? (Confirm with "yes".)

Action                   || total
-------------------------++-------
Melee: Unarmed           ||     5
       Punch             ||     1
 Cast: Summon Small Mamm ||     4
Armor: Robe              ||     3
Dodge: Dodged            ||    10

Levels and vault maps discovered:
D:1:      dpeg_arrival_water_temple_mockup, layout_basic,
          hellmonk_ecumenical_altar_lost_god

Notes
Turn   | Place    | Note
-------+----------+-------------------------------------------
     0 | D:1      | spaghetti the Demonspawn Summoner began the quest for the
                  | Orb.
     0 | D:1      | Reached XP level 1. HP: 13/13 MP: 3/3
     0 | D:1      | magus.rc [v1.9.6]
     5 | D:1      | You pick up a book of Spectacle and begin reading...
     5 | D:1      | You add the spells Dazzling Flash, Iskenderun's Mystic
                  | Blast and Starburst to your library.
    80 | D:1      | Quit the game

Vanquished Creatures
  A bat (D:1)
1 creature vanquished.

Vanquished Creatures (collateral kills)
  A hobgoblin (D:1)
1 creature vanquished.

Grand Total: 2 creatures vanquished

Table legend:
 A = Non-vault XP
 B = Vault XP
 C = Vault XP percentage of total XP
 D = Non-vault monster count
 E = Vault monster count
 F = Vault count percentage of total count
                 A         B        C        D         E       F
            +---------+---------+-------+---------+---------+-------
      Total |       3 |       0 |   0.0 |       2 |       0 |   0.0
            +---------+---------+-------+---------+---------+-------
        D:1 |       3 |       0 |   0.0 |       2 |       0 |   0.0
            +---------+---------+-------+---------+---------+-------

Illustrated notes

Table legend:
 A = Kills in this place as a percentage of kills in entire the game.
 B = Kills by you in this place as a percentage of kills by you in the entire game.
 C = Kills by friends in this place as a percentage of kills by friends in the entire game.
 D = Other kills in this place as a percentage of other kills in the entire game.
 E = Experience gained in this place as a percentage of experience gained in the entire game.
 F = Experience gained in this place divided by the number of levels of this place that you have seen.
                   A       B       C       D       E      F
               +-------+-------+-------+-------+-------+----------------------
         Total | 100.0 | 100.0 | 100.0 |   N/A | 100.0 |   3.0
       Dungeon | 100.0 | 100.0 | 100.0 |   N/A | 100.0 |   3.0
               +-------+-------+-------+-------+-------+----------------------

Table legend: (Time is in decaauts)
 A = Elapsed time spent in this place.
 B = Non-inter-level travel time spent in this place.
 C = Inter-level travel time spent in this place.
 D = Time resting spent in this place.
 E = Time spent auto-exploring this place.
 F = Levels seen in this place.
 G = Mean time per level.
                   A        B        C        D        E       F      G
               +--------+--------+--------+--------+--------+-----+--------+
         Total |     80 |     80 |      0 |      0 |     53 |   1 |   80.0 |
       Dungeon |     80 |     80 |      0 |      0 |     53 |   1 |   80.0 |
               +--------+--------+--------+--------+--------+-----+--------+

Top non-repeatable levels by time:
     D:1: 80 daAuts
